 Dungeon Crawl Stone Soup version 0.28-a0-535-g6f645e4 (webtiles) character file.

Game seed: 6832129117991702389

1082 Sixotanaka the Tainter (level 8, -4/52 HPs)
             Began as a Merfolk Venom Mage on Sept 26, 2021.
             Was a Believer of Cheibriados.
             Slain by a kobold brigand (7 damage)
             ... on level 6 of the Dungeon.
             The game lasted 00:18:37 (7566 turns).

Sixotanaka the Tainter (Merfolk Venom Mage)         Turns: 7566, Time: 00:18:38

Health: -4/52      AC:  4    Str: 14    XL:     8   Next: 30%
Magic:  5/12       EV: 14    Int: 21    God:    Cheibriados [**....]
Gold:   250        SH:  0    Dex: 19    Spells: 6/13 levels left

rFire   . . .      SeeInvis .     - Unarmed
rCold   . . .      Faith    .   (no shield)
rNeg    . . .      Spirit   .   q - +0 leather armour
rPois   .          Reflect  .   (no helmet)
rElec   .          Harm     .   (no cloak)
rCorr   .          Rampage  .   (no gloves)
Will    ++...                   c - +0 pair of boots
Stlth   ++........              a - amulet of regeneration
HPRegen 1.17/turn               d - ring of willpower
MPRegen 0.13/turn               f - ring of willpower

@: very slow
A: (nimble swimmer 2), mertail
a: Renounce Religion, Bend Time


You were on level 6 of the Dungeon.
You worshipped Cheibriados.
Cheibriados was pleased with you.
You visited 2 branches of the dungeon, and saw 7 of its levels.

You collected 250 gold pieces.

Inventory:

Armour
 c - a +0 pair of boots (worn)
 q - a +0 leather armour (worn)
Jewellery
 a - an amulet of regeneration (around neck)
 d - a ring of willpower (left hand)
 f - a ring of willpower (right hand)
Scrolls
 b - a scroll of fear
 e - a scroll of amnesia {unknown}
 g - a scroll of magic mapping {unknown}
 i - a scroll of enchant weapon
 k - 2 scrolls of teleportation
 m - a scroll of holy word {unknown}
 n - a scroll of immolation {unknown}
 o - a scroll of fog {unknown}
 p - a scroll of acquirement {unknown}
Potions
 h - 2 potions of resistance
 j - 2 potions of curing
 l - a potion of haste {unknown}
 r - a potion of flight {unknown}


   Skills:
 + Level 5.4 Dodging
 - Level 2.1 Stealth
 + Level 2.9 Unarmed Combat
 + Level 3.2 Spellcasting
 - Level 5.0 Transmutations
 * Level 8.1 Poison Magic


You had 6 spell levels left.
You knew the following spells:

 Your Spells              Type           Power      Damage    Failure   Level
a - Sting                 Tmut/Pois      100%       1d8       1%          1
b - Passwall              Tmut/Erth      10%        N/A       9%          2
c - Olgreb's Toxic Radia  Pois           37%        N/A       6%          4

Your spell library contained the following spells:

 Spells                   Type           Power      Damage    Failure   Level
 Poisonous Vapours        Pois/Air       40%        N/A       4%          2
 Mephitic Cloud           Conj/Pois/Air  14%        N/A       16%         3
 Sandblast                Erth           6%         2d5       17%         1
 Stone Arrow              Conj/Erth      6%         3d7       45%         3


Dungeon Overview and Level Annotations

Branches:
Dungeon (6/15)             Temple (1/1) D:4

Altars:
Ashenzari
Cheibriados
Dithmenos
Elyvilon
Fedhas
Gozag
Hepliaklqana
Kikubaaqudgha
Nemelex Xobeh
Okawaru
Qazlal
Ru
Sif Muna
Uskayaw
Wu Jian
Xom
Zin

Shops:
D:1 !


Innate Abilities, Weirdness & Mutations

((You are quick and stealthy near water. (Stealth+, EV+, Speed+++)))
Your lower body shifts to a powerful aquatic tail in water.


Message History

You are electrocuted!
Casting: Sting (safe; 1% risk of failure)
Confirm with . or Enter, or press ? or * to list all spells.
You begin to radiate toxic energy.
The kobold brigand is poisoned.
The kobold brigand closely misses you.
Unknown command.
Casting: Olgreb's Toxic Radiance (dangerous; 6% risk of failure)
Confirm with . or Enter, or press ? or * to list all spells.
Aiming: Sting (safe; 1% risk of failure)
Press: ? - help, Shift-Dir - straight line, f - kobold brigand
Aim: a kobold brigand, wielding a +1 short sword of electrocution, wearing a +0 kite shield and quivering bolts (lightly wounded, poisoned, 75% to hit)
The sting misses the kobold brigand.
The kobold brigand looks even sicker.
Your toxic aura wanes.
The kobold brigand hits you with a +1 short sword of electrocution.
Casting: Sting (safe; 1% risk of failure)
Confirm with . or Enter, or press ? or * to list all spells.
Aiming: Sting (safe; 1% risk of failure)
Press: ? - help, Shift-Dir - straight line, f/p - kobold brigand
Aim: a kobold brigand, wielding a +1 short sword of electrocution, wearing a +0 kite shield and quivering bolts (moderately wounded, very poisoned, 75% to hit)
The sting hits the kobold brigand.
The kobold brigand looks even sicker.
The kobold brigand is moderately wounded.
The kobold brigand closely misses you. The kobold brigand blocks your attack.
The kobold brigand is moderately wounded.
The kobold brigand hits you with a +1 short sword of electrocution.
You are electrocuted!
You hit the kobold brigand.
The kobold brigand is moderately wounded.
The kobold brigand hits you with a +1 short sword of electrocution.
You are electrocuted!
* * * LOW HITPOINT WARNING * * *
Unknown command.
Casting: Sting (safe; 1% risk of failure)
Confirm with . or Enter, or press ? or * to list all spells.
Aiming: Sting (safe; 1% risk of failure)
Press: ? - help, Shift-Dir - straight line, f/p - kobold brigand
Aim: a kobold brigand, wielding a +1 short sword of electrocution, wearing a +0 kite shield and quivering bolts (moderately wounded, very poisoned, 75% to hit)
The kobold brigand blocks the sting.
The kobold brigand hits you with a +1 short sword of electrocution!
You die...

#........#.#
#........#.#
###........#.#
...........#.#
##.........#.#
#.##........####
#.#####.#......####
#.# #.#.........#.#
#.# #.#..#...@K...#
#.# #.##.#.#.##.###
#.# #....#+#+# ..
#. ####.. ... ##
#......# ........
##.....## ....K..
#.######


You could see a kobold brigand (very poisoned).

Vanquished Creatures
  An ogre (D:5)
  A phantom (D:4)
  A kobold brigand (D:4)
  Blork the orc (D:4)
  A scorpion (D:5)
  An orc priest (D:4)
  3 hounds
  2 jellies
  8 orc wizards
  4 iguanas
  A hound skeleton (D:4)
  10 adders
  A white imp (D:5)
  An adder skeleton (D:4)
  4 worms
  A dart slug (D:1)
  22 orcs
  6 endoplasms
  5 giant cockroaches
  6 goblins
  11 hobgoblins
  4 jackals
  A quokka (D:5)
  8 ball pythons
  4 bats
  2 frilled lizards
  10 kobolds
  2 rats
122 creatures vanquished.

Vanquished Creatures (others)
  10 plants (D:6)
10 creatures vanquished.

Grand Total: 132 creatures vanquished

Notes
Turn   | Place    | Note
-------+----------+-------------------------------------------
     0 | D:1      | Sixotanaka the Merfolk Venom Mage began the quest for the
                  | Orb.
     0 | D:1      | Reached XP level 1. HP: 13/13 MP: 3/3
   249 | D:2      | Reached XP level 2. HP: 19/19 MP: 1/5
   326 | D:1      | Found a faded altar of an unknown god.
   339 | D:1      | Reached skill level 4 in Poison Magic
   688 | D:1      | Reached XP level 3. HP: 11/24 MP: 0/6
  1009 | D:1      | Found Naytutagg's Distillery.
  1182 | D:1      | Reached skill level 5 in Poison Magic
  1381 | D:1      | Learned a level 2 spell: Passwall
  1737 | D:2      | Reached XP level 4. HP: 30/30 MP: 1/7
  1927 | D:2      | Found a glowing silver altar of Zin.
  2802 | D:3      | Reached XP level 5. HP: 28/35 MP: 3/8
  3541 | D:3      | Reached skill level 5 in Transmutations
  3983 | D:4      | Learned a level 4 spell: Olgreb's Toxic Radiance
  4008 | D:4      | Found a staircase to the Ecumenical Temple.
  4110 | Temple   | Entered the Ecumenical Temple
  4227 | Temple   | Became a worshipper of Cheibriados the Contemplative
  4317 | D:4      | Reached XP level 6. HP: 23/41 MP: 1/9
  4477 | D:4      | Reached skill level 6 in Poison Magic
  4910 | D:4      | Reached * piety under Cheibriados
  5214 | D:4      | Reached XP level 7. HP: 36/46 MP: 10/10
  5431 | D:5      | Entered Level 5 of the Dungeon
  5473 | D:5      | Reached skill level 1 in Unarmed Combat
  5550 | D:5      | Reached skill level 7 in Poison Magic
  6244 | D:4      | Reached skill level 5 in Dodging
  6244 | D:4      | Reached XP level 8. HP: 44/52 MP: 3/12
  6450 | D:4      | Noticed Blork the orc
  6453 | D:4      | Reached ** piety under Cheibriados
  6459 | D:4      | HP: 2/52 [Blork the orc/puff of flame (8)]
  6462 | D:4      | Killed Blork the orc
  7064 | D:5      | Found a white marble altar of Elyvilon.
  7401 | D:6      | Reached skill level 8 in Poison Magic
  7565 | D:6      | HP: 2/52 [kobold brigand (15)]
  7566 | D:6      | Slain by a kobold brigand

Illustrated notes

Levels and vault maps discovered:
D:1:      dpeg_arrival_long_road, layout_basic,
          chequers_ecumenical_altar_simple, serial_shops,
          nicolae_shop_waterfront, dk_noncrumbling_4
D:2:      layout_basic, basic_altar
D:3:      layout_loops_cross
D:4:      layout_loops_cross, minmay_temple_entry_proselytizer,
          grunt_ministairs_1, uniq_blork_the_orc
D:5:      layout_basic, kennysheep_mini_moat
D:6:      layout_basic, lightli_temple_of_fire, serial_bayou_lake_a,
          uniq_eustachio
Temple:   nicolae_temple_elliptical

Skill      XL: |  1  2  3  4  5  6  7  8 |
---------------+-------------------------+-----
Poison Magic   | 4 5 6 7 8 |  8.1
Transmutations | 2 4 5 |  5.0
Dodging        | 4 5 |  5.4
Unarmed Combat | 2 |  2.9
Spellcasting   | 3 |  3.2
Stealth        | |  2.1

Action                   |  1- 3 |  4- 6 |  7- 9 || total
-------------------------+-------+-------+-------++-------
Melee: Mace              |     6 |       |       ||     6
       Dagger            |     1 |    46 |     2 ||    49
       Unarmed           |       |       |    14 ||    14
       Punch             |       |       |     1 ||     1
 Cast: Sting             |    77 |   115 |    96 ||   288
       Passwall          |       |     2 |       ||     2
       Olgreb's Toxic Ra |       |       |     9 ||     9
  Use: Potion            |     1 |     2 |     1 ||     4
       Scroll            |       |     2 |     2 ||     4
Armor: Robe              |    10 |    15 |     6 ||    31
       Leather armour    |       |       |     4 ||     4
Dodge: Dodged            |    40 |    60 |    44 ||   144

Table legend: (Time is in decaauts)
 A = Elapsed time spent in this place.
 B = Non-inter-level travel time spent in this place.
 C = Inter-level travel time spent in this place.
 D = Time resting spent in this place.
 E = Time spent auto-exploring this place.
 F = Levels seen in this place.
 G = Mean time per level.
                   A        B        C        D        E       F      G
               +--------+--------+--------+--------+--------+-----+--------+
         Total |   8059 |   7905 |    154 |   3383 |   3092 |   7 | 1151.3 |
       Dungeon |   7920 |   7786 |    134 |   3383 |   2996 |   6 | 1320.0 |
        Temple |    139 |    119 |     20 |      0 |     96 |   1 |  139.0 |
               +--------+--------+--------+--------+--------+-----+--------+

Top non-repeatable levels by time:
     D:4: 2139 daAuts
     D:2: 1630 daAuts
     D:5: 1386 daAuts
     D:1: 1314 daAuts
     D:3: 1265 daAuts
     D:6: 185 daAuts
  Temple: 139 daAuts
